 Dungeon Crawl Stone Soup version 0.25-a0-589-g1e14c54 (webtiles) character file.

Game seed: 17653760538223725016, levelgen mode: deterministic

24224 Faca the Grappler (level 12, -10/130 HPs)
             Began as a Troll Fighter on Mar 9, 2020.
             Was a High Priest of Okawaru.
             Mangled by a nine-headed hydra (11 damage)
             ... on level 3 of the Lair of Beasts.
             The game lasted 00:34:55 (12146 turns).

Faca the Grappler (Troll Fighter)                  Turns: 12146, Time: 00:34:55

Health: -10/130    AC: 11    Str: 34    XL:     12   Next: 78%
Magic:  14/14      EV:  8    Int:  4    God:    Okawaru [*****.]
Gold:   854        SH: 11    Dex:  6    Spells: 11/11 levels left

rFire    + . .     SeeInvis .     - Unarmed
rCold    . . .     Gourm    +   b - +1 kite shield
rNeg     + . .     Faith    .   A - +0 troll leather armour
rPois    +         Spirit   .   (helmet restricted)
rElec    .         Reflect  .   u - +2 cloak of Areunauj {rF+ rN+ Str+3 Dex-3}
rCorr    .         Harm     .   (gloves unavailable)
MR       +....                  (boots unavailable)
Stlth    +.........             f - amulet of the acrobat
HPRegen  1.11/turn              v - ring of protection from magic
MPRegen  0.14/turn              L - ring of poison resistance

@: no status effects
A: large, unfitting armour, claws 3, fast metabolism 3, gourmand, regeneration
1, shaggy fur 1, tough skin 3
a: Heroism, Finesse, Renounce Religion


You were on level 3 of the Lair of Beasts.
You worshipped Okawaru.
Okawaru was extremely pleased with you.
You were completely stuffed.

You visited 3 branches of the dungeon, and saw 15 of its levels.
You also visited: Gauntlet.

You collected 854 gold pieces.

Inventory:

Missiles
 a - 23 javelins
 o - 5 boomerangs (quivered)
 x - 3 boomerangs of dispersal
 C - a throwing net
 F - 15 large rocks
 G - 6 silver javelins
 J - 52 poisoned darts
Armour
 b - a +1 kite shield (worn)
 u - the +2 cloak of Areunauj (worn) {rF+ rN+ Str+3 Dex-3}
   (You found it in a Gauntlet)

   It affects your strength (+3).
   It affects your dexterity (-3).
   It protects you from fire.
   It protects you from negative energy.
 y - +0 fire dragon scales
 A - a +0 troll leather armour (worn)
Jewellery
 f - an amulet of the acrobat (around neck)
 m - an uncursed ring of see invisible
 v - a ring of protection from magic (left claw)
 H - the amulet "Ulyetwebb" {Spirit Int+7}
   (You found it in a Gauntlet)

   [amulet of guardian spirit]

   It causes incoming damage to be split between your health and magic.
   It affects your intelligence (+7).
 L - a ring of poison resistance (right claw)
 M - the ring "Xackairch" {rF+ Str+5 Stlth+}
   (You took it off a minotaur in a Gauntlet)

   [ring of protection from fire]

   It affects your strength (+5).
   It protects you from fire.
   It makes you more stealthy.
Wands
 p - a wand of scattershot (3)
 I - a wand of paralysis (11)
 K - a wand of digging (5)
 Q - a wand of flame (12)
Scrolls
 c - 4 scrolls of enchant weapon
 i - a scroll of fog
 l - 10 scrolls of remove curse
 s - 4 scrolls of enchant armour
 B - 4 scrolls of teleportation
 N - 2 scrolls of identify
Potions
 e - a potion of mutation
 g - 5 potions of brilliance
 h - 2 potions of invisibility
 j - 2 potions of resistance
 k - 2 potions of might
 q - 7 potions of heal wounds
 r - 2 potions of cancellation
 t - 3 potions of flight
 z - a potion of haste
 E - a potion of berserk rage
Comestibles
 d - 21 rations
 n - 15 chunks of flesh


   Skills:
 + Level 11.0 Fighting
 + Level 8.6 Throwing
 - Level 2.4 Dodging
 + Level 5.4 Shields
 + Level 12.6 Unarmed Combat
 - Level 5.0 Invocations


You had 11 spell levels left.
You didn't know any spells.
Your spell library contained the following spells:

 Spells                   Type           Power        Failure   Level  Hunger
 Animate Skeleton         Necr           N/A          80%         1    ##.....
 Foxfire                  Conj/Fire      #...         80%         1    ##.....
 Infusion                 Chrm           #...         80%         1    ##.....
 Pain                     Necr           #...         80%         1    ##.....
 Passwall                 Tmut/Erth      #.......     90%         2    ###....
 Shroud of Golubria       Chrm/Tloc      #.....       90%         2    ###....
 Song of Slaying          Chrm           #.......     90%         2    ###....
 Swiftness                Chrm/Air       #.......     90%         2    ###....
 Conjure Flame            Conj/Fire      #.......     99%         3    ####...
 Inner Flame              Hex/Fire       #.......     99%         3    ####...
 Ozocubu's Armour         Chrm/Ice       #.......     99%         3    ####...
 Spectral Weapon          Hex/Chrm       #.......     99%         3    ####...
 Vampiric Draining        Necr           #.........   99%         3    ####...
 Animate Dead             Necr           N/A          100%        4    #####..
 Passage of Golubria      Tloc           N/A          100%        4    #####..
 Sticky Flame             Conj/Fire      #.......     100%        4    #####..
 Agony                    Necr           #.......     100%        5    ######.
 Fireball                 Conj/Fire      #.........   100%        5    ######.
 Irradiate                Conj/Tmut      #.........   100%        5    ######.
 Lee's Rapid Deconstruct  Erth           #.........   100%        5    ######.
 Darkness                 Hex            #.........   100%        6    #######
 Hydra Form               Tmut           #.........   100%        6    #######
 Invisibility             Hex            #.......     100%        6    #######
 Statue Form              Tmut/Erth      #........    100%        6    #######
 Dragon Form              Tmut           #.........   100%        7    #######


Dungeon Overview and Level Annotations

Branches:
Dungeon (11/15)            Temple (1/1) D:7            Lair (3/6) D:11
  Swamp (0/4) Lair:3       Spider (0/4) Lair:2          Orc (0/2) D:9
Gauntlet (visited)

Altars:
Ashenzari
Dithmenos
Fedhas
Hepliaklqana
Kikubaaqudgha
Makhleb
Okawaru
Ru
Sif Muna
Uskayaw
The Shining One

Shops:
D:6 =   D:9 ?

Annotations:
D:6 3 runed translucent doors, bobarctor's ghost, novice DsGl
D:11 2 transporters, snetch's ghost, journeyman MiBe


Innate Abilities, Weirdness & Mutations

You are too large for most types of armour.
You have claws for hands.
Your metabolism is lightning-fast.
You like to eat raw meat.
Your natural rate of healing is unusually fast.
You are covered in fur. (AC +1)
You have extremely tough skin. (AC +3)


Message History

The nine-headed hydra bites you.
* * * LOW HITPOINT WARNING * * *
You block the nine-headed hydra's attack.
The nine-headed hydra bites you but does no damage.
The nine-headed hydra bites you.
* * * LOW HITPOINT WARNING * * *
You block the nine-headed hydra's attack.
Your shield prevents you from hitting the nine-headed hydra.
The nine-headed hydra is severely wounded.
The nine-headed hydra bites you but does no damage. x2
The nine-headed hydra bites you!
* * * LOW HITPOINT WARNING * * *
The nine-headed hydra bites you.
* * * LOW HITPOINT WARNING * * *
You block the nine-headed hydra's attack.
The nine-headed hydra bites you.
* * * LOW HITPOINT WARNING * * *
The nine-headed hydra bites you but does no damage.
The nine-headed hydra bites you!
You die...

....... ......... #...
..# ......... #..# #...
#........ ## #..# #...#
#.........##.##..##....#
#................$......
.......... ...........
.......... #...D.#
#........# #.@#
#........######..#
......<..#.P.##..####.
.......................
#......................
#........###....P......
.........####..##....###
.........P# #..# #...#.
#.........# #..# #...#


You could see a nine-headed hydra.

Vanquished Creatures
  A minotaur (Gauntlet)
  A dire elephant (Gauntlet)
  2 hydras (Lair:2)
  Erica (D:11)
  A centaur warrior (D:8)
  3 two-headed ogres (D:10)
  2 death yaks (Lair:2)
  A wizard (Gauntlet)
  Pikel (D:8)
  2 ugly things (D:11)
  2 elephants (Gauntlet)
  4 spiny frogs (Lair:1)
  A komodo dragon (Lair:1)
  A rime drake (Lair:3)
  A troll (D:11)
  9 blink frogs
  4 hippogriffs
  Sigmund (D:2)
  A wyvern (Lair:1)
  7 yaks
  2 hungry ghosts (D:11)
  Grum (D:8)
  6 wargs
  3 soldier ants
  4 water moccasins
  5 porcupines
  2 orc warriors (D:9)
  An ice beast (D:9)
  A slave (D:8)
  A black bear (Lair:3)
  A phantom (D:11)
  A sky beast (D:8)
  3 wolves (D:8)
  8 centaurs
  7 ogres
  6 crocodiles
  2 big kobolds
  17 bullfrogs
  A scorpion (D:4)
  9 killer bees
  9 wights
  5 electric eels
  3 crimson imps
  A quasit (D:9)
  A bullfrog skeleton (D:5)
  4 hounds
  2 jellies
  3 centaur skeletons (D:11)
  6 orc priests
  6 orc wizards
  An iguana (D:9)
  14 worker ants
  A hound zombie (D:8)
  A howler monkey zombie (D:7)
  7 gnolls
  9 adders
  2 shadow imps
  A white imp (Gauntlet)
  An ooze (D:2)
  2 adder skeletons
  2 worms
  A dart slug (D:4)
  6 leopard geckos
  39 orcs
  8 bats
  3 giant cockroaches
  11 goblins
  4 hobgoblins
  11 jackals
  13 kobolds
  4 quokkas
  2 ball pythons (D:1)
  5 frilled lizards
  5 rats
  A butterfly (Lair:3)
  A plant (Lair:1)
322 creatures vanquished.

Vanquished Creatures (others)
  2 demonic plants (Gauntlet)
  A fungus (Gauntlet)
  6 plants
9 creatures vanquished.

Grand Total: 331 creatures vanquished

Notes
Turn   | Place    | Note
-------+----------+-------------------------------------------
     0 | D:1      | Faca the Troll Fighter began the quest for the Orb.
     0 | D:1      | Reached XP level 1. HP: 22/22 MP: 0/0
    87 | D:1      | Reached XP level 2. HP: 29/29 MP: 1/1
   470 | D:2      | Reached XP level 3. HP: 37/37 MP: 2/2
   599 | D:2      | Reached skill level 3 in Unarmed Combat
   732 | D:2      | Noticed Sigmund
   746 | D:2      | Killed Sigmund
   746 | D:2      | Reached skill level 4 in Unarmed Combat
   746 | D:2      | Reached XP level 4. HP: 43/48 MP: 3/3
   746 | D:2      | Reached XP level 5. HP: 48/54 MP: 4/4
  1396 | D:3      | Reached XP level 6. HP: 62/63 MP: 5/5
  2025 | D:4      | Reached skill level 5 in Unarmed Combat
  2290 | D:4      | Reached skill level 5 in Fighting
  2290 | D:4      | Reached XP level 7. HP: 72/72 MP: 6/6
  2802 | D:5      | Entered Level 5 of the Dungeon
  2807 | D:5      | Found a hide-covered altar of Uskayaw.
  2928 | D:5      | Reached skill level 6 in Unarmed Combat
  3654 | D:6      | Found Luxziet's Jewellery Shop.
  3662 | D:6      | Reached XP level 8. HP: 83/83 MP: 7/7
  3664 | D:6      | Found a runed translucent gate.
  3740 | D:6      | Reached skill level 7 in Unarmed Combat
  3818 | D:6      | Reached skill level 8 in Unarmed Combat
  4056 | D:6      | Found a runed translucent gate.
  4056 | D:6      | Found a runed translucent gate.
  4098 | D:6      | Noticed bobarctor's ghost (novice DsGl)
  4218 | D:6      | Reached XP level 9. HP: 93/93 MP: 8/8
  4694 | D:7      | Found a staircase to the Ecumenical Temple.
  4699 | Temple   | Entered the Ecumenical Temple
  4718 | Temple   | Became a worshipper of Warmaster Okawaru
  4784 | D:7      | Reached skill level 9 in Unarmed Combat
  4846 | D:7      | Reached skill level 1 in Throwing
  5233 | D:8      | Noticed Pikel
  5250 | D:8      | Killed Pikel
  5250 | D:8      | Reached * piety under Okawaru
  5389 | D:8      | Noticed Grum
  5407 | D:8      | Killed Grum
  5786 | D:8      | Reached ** piety under Okawaru
  5795 | D:8      | Noticed a centaur warrior
  5809 | D:8      | Killed a centaur warrior
  5809 | D:8      | Reached *** piety under Okawaru
  5809 | D:8      | Reached skill level 10 in Unarmed Combat
  5809 | D:8      | Reached XP level 10. HP: 104/106 MP: 9/9
  5862 | D:8      | Received a gift from Okawaru
  6266 | D:9      | Found Liysib's Magic Scroll Boutique.
  6371 | D:9      | Found a staircase to the Orcish Mines.
  6796 | D:10     | Entered Level 10 of the Dungeon
  7174 | D:10     | Noticed a two-headed ogre
  7179 | D:10     | Killed a two-headed ogre
  7179 | D:10     | Reached **** piety under Okawaru
  7179 | D:10     | Reached skill level 5 in Throwing
  7562 | D:10     | Noticed a two-headed ogre
  7571 | D:10     | Killed a two-headed ogre
  8121 | D:11     | Noticed a two-headed ogre
  8182 | D:10     | Killed a two-headed ogre
  8182 | D:10     | Received a gift from Okawaru
  8182 | D:10     | Reached XP level 11. HP: 27/115 MP: 10/10
  8188 | D:10     | HP: 4/115 [killer bee (5)]
  8448 | D:11     | Reached skill level 11 in Unarmed Combat
  8495 | D:11     | Noticed Erica
  8512 | D:11     | Killed Erica
  8640 | D:11     | Reached ***** piety under Okawaru
  8776 | D:11     | Received a gift from Okawaru
  8790 | D:11     | Reached skill level 5 in Shields
  8815 | D:11     | Found a staircase to the Lair.
  8897 | D:11     | Found a transporter.
  8903 | D:11     | Noticed snetch's ghost (journeyman MiBe)
  8934 | D:11     | Noticed a green ugly thing
  8935 | D:11     | Found a transporter.
  9082 | D:11     | Noticed a purple ugly thing
  9094 | D:11     | Killed a purple ugly thing
  9094 | D:11     | Received a gift from Okawaru
  9094 | D:11     | Reached skill level 1 in Invocations
  9131 | D:11     | Noticed a cyan ugly thing
  9140 | D:11     | Killed a cyan ugly thing
  9392 | Lair:1   | Entered Level 1 of the Lair of Beasts
  9406 | Lair:1   | Reached skill level 10 in Fighting
  9409 | Lair:1   | Received a gift from Okawaru
  9783 | Lair:1   | Received a gift from Okawaru
  9783 | Lair:1   | Reached XP level 12. HP: 115/126 MP: 13/13
 10554 | Lair:2   | Reached skill level 12 in Unarmed Combat
 10588 | Lair:2   | Noticed a six-headed hydra
 10597 | Lair:2   | Killed a nine-headed hydra
 10597 | Lair:2   | Reached ****** piety under Okawaru
 10597 | Lair:2   | Received a gift from Okawaru
 10639 | Lair:2   | Found a gate leading to a gauntlet.
 10645 | Gauntlet | Entered a Gauntlet
 10645 | Gauntlet | Found a transporter.
 10655 | Gauntlet | Found a transporter.
 10655 | Gauntlet | Found a transporter.
 10657 | Gauntlet | Found a transporter.
 10668 | Gauntlet | Found a transporter.
 10683 | Gauntlet | Found a transporter.
 10689 | Gauntlet | Found a transporter.
 10704 | Gauntlet | Found a transporter.
 10723 | Gauntlet | Found a transporter.
 10735 | Gauntlet | Found a transporter.
 10743 | Gauntlet | Found a large runed translucent door.
 10744 | Gauntlet | Found a large runed translucent door.
 10745 | Gauntlet | Found a large runed translucent door.
 10745 | Gauntlet | Found a large runed translucent door.
 10745 | Gauntlet | Noticed a death yak
 10746 | Gauntlet | Found a runed translucent gate.
 10747 | Gauntlet | Found a transporter.
 10747 | Gauntlet | Found a runed translucent gate.
 10748 | Gauntlet | Found a runed translucent gate.
 10748 | Gauntlet | Noticed a death yak
 10749 | Gauntlet | Found a large runed translucent door.
 10749 | Gauntlet | Found a large runed translucent door.
 10750 | Gauntlet | Found a large runed translucent door.
 10750 | Gauntlet | Noticed a death yak
 10750 | Gauntlet | Noticed a death yak
 10751 | Gauntlet | Found a large runed translucent door.
 10758 | Gauntlet | Noticed a dire elephant
 10759 | Gauntlet | Found a transporter.
 10771 | Gauntlet | Found a transporter.
 10788 | Gauntlet | Found a transporter.
 10805 | Gauntlet | Found a transporter.
 10807 | Gauntlet | Found a transporter.
 10808 | Gauntlet | Noticed a queen ant
 10837 | Gauntlet | Found a transporter.
 10839 | Gauntlet | Found a transporter.
 10841 | Gauntlet | Found a large runed translucent door.
 10841 | Gauntlet | Found a large runed translucent door.
 10842 | Gauntlet | Found a large runed translucent door.
 10842 | Gauntlet | Found a large runed translucent door.
 10930 | Gauntlet | Got a bloodstained cloak
 10941 | Gauntlet | Identified the +2 cloak of Areunauj {rF+ rN+ Str+3 Dex-3}
                  | (You found it in a Gauntlet)
 10947 | Gauntlet | Found a large runed translucent door.
 10947 | Gauntlet | Found a large runed translucent door.
 10947 | Gauntlet | Found a runed translucent door.
 10947 | Gauntlet | Found a runed translucent door.
 10949 | Gauntlet | Found a large runed translucent door.
 10950 | Gauntlet | Found a large runed translucent door.
 11052 | Gauntlet | Killed a dire elephant
 11052 | Gauntlet | Received a gift from Okawaru
 11073 | Gauntlet | Got a slimy sapphire amulet
 11079 | Gauntlet | Identified the amulet "Ulyetwebb" {Spirit Int+7} (You found
                  | it in a Gauntlet)
 11092 | Gauntlet | Identified the ring "Xackairch" {rF+ Str+5 Stlth+}
 11092 | Gauntlet | Noticed a minotaur
 11100 | Gauntlet | Killed a minotaur
 11106 | Gauntlet | Got a wavering iron ring
 11177 | Lair:2   | Identified the ring of Linex {rF+ Str+2} (You found it in a
                  | Gauntlet)
 11249 | Lair:2   | Noticed a four-headed hydra
 11257 | Lair:2   | Killed a nine-headed hydra
 11257 | Lair:2   | Reached skill level 5 in Invocations
 11364 | Lair:2   | Found a hole to the Spider Nest.
 11783 | Lair:3   | Found a staircase to the Swamp.
 11914 | Lair:3   | Noticed a death yak
 11915 | Lair:3   | Noticed a death yak
 11915 | Lair:3   | Noticed a death yak
 11938 | Lair:2   | Killed a death yak
 11942 | Lair:2   | Killed a death yak
 12134 | Lair:3   | Noticed a four-headed hydra
 12146 | Lair:3   | HP: 5/130 [nine-headed hydra (4)]
 12146 | Lair:3   | HP: 1/130 [nine-headed hydra (4)]
 12146 | Lair:3   | Mangled by a nine-headed hydra

Levels and vault maps discovered:
D:1:      saegor_arrival_simple_c, layout_rooms
D:2:      layout_basic, uniq_sigmund
D:3:      layout_loops_ring, dk_noncrumbling_2
D:4:      layout_basic, first_ration
D:5:      layout_loops_ring, kennysheep_mini, st_stairs_11
D:6:      layout_basic, serial_shops, shop, gammafunk_ghost_icy, serial_curves,
          eino_curves_04, eino_curves_04, hangedman_decor_slide_cut,
          hangedman_abyss_or_decor_stagger
D:7:      layout_rooms, minmay_temple_entry_wispy, grunt_ogre_cave
D:8:      minmay_chambers_of_sevens, layout_basic, uniq_grum, uniq_pikel
D:9:      layout_roguey, minmay_orc_entry_guard_dogs, serial_shops, shop_scrolls
D:10:     layout_basic
D:11:     layout_small_grid, erik_lair_orcish_takeover, gammafunk_ghost_arena,
          minmay_misc_feat_chi, uniq_erica
Temple:   compressed_dpeg_circular_temple
Lair:1:   layout_regular_city, chequers_serial_rivers_micro_c,
          serial_bayou_lagoon_a, chequers_serial_rivers_small_b,
          beast_lair_carwin_1, serial_bayou_shore_a
Lair:2:   layout_roguey, spider_nest_entry_a, gauntlet_entry_generic
Lair:3:   layout_small_grid, minmay_swamp_entry_eels, lemuel_fruit_fields

Skill      XL: |  1  2  3  4  5  6  7  8  9 10 11 12 |
---------------+-------------------------------------+-----
Fighting       | 3 4 5 6 7 8 9 10 11 | 11.0
Unarmed Combat | 4 5 6 8 10 11 12 | 12.6
Throwing       | 4 5 7 8 |  8.6
Shields        | 4 5 |  5.4
Invocations    | 3 5 |  5.0
Dodging        | |  2.4

Action                   |  1- 3 |  4- 6 |  7- 9 | 10-12 || total
-------------------------+-------+-------+-------+-------++-------
Melee: Unarmed           |   100 |   104 |   268 |   616 ||  1088
Throw: Dart              |       |       |       |    10 ||    10
       Boomerang         |       |       |       |    50 ||    50
Invok: Heroism           |       |       |       |     4 ||     4
       Finesse           |       |       |       |     2 ||     2
Evoke: Wand              |       |       |       |     5 ||     5
  Use: Scroll            |     3 |     5 |     9 |    11 ||    28
       Potion            |     1 |       |       |     3 ||     4
 Stab: Sleeping          |       |       |     1 |       ||     1
       Paralysed         |       |       |       |     1 ||     1
  Eat: Chunk             |    12 |    15 |    32 |    54 ||   113
       Ration            |       |       |       |     2 ||     2
Armor: Robe              |    24 |    13 |    53 |   101 ||   191
       Troll leather arm |       |       |       |   105 ||   105
Dodge: Dodged            |    35 |    36 |    86 |   255 ||   412
Block: Kite shield       |    42 |    63 |   106 |   349 ||   560

Table legend:
 A = Non-vault XP
 B = Vault XP
 C = Vault XP percentage of total XP
 D = Non-vault monster count
 E = Vault monster count
 F = Vault count percentage of total count
                 A         B        C        D         E       F
            +---------+---------+-------+---------+---------+-------
      Total |   23736 |   10871 |  31.4 |     263 |      56 |  17.6
            +---------+---------+-------+---------+---------+-------
        D:1 |      40 |       0 |   0.0 |      23 |       0 |   0.0
        D:2 |      87 |     238 |  73.2 |      19 |       1 |   5.0
        D:3 |     109 |       0 |   0.0 |      25 |       0 |   0.0
        D:4 |     433 |       0 |   0.0 |      13 |       0 |   0.0
        D:5 |     396 |      94 |  19.2 |      10 |       3 |  23.1
        D:6 |    1609 |       0 |   0.0 |      20 |       0 |   0.0
        D:7 |     418 |     125 |  23.0 |      22 |       1 |   4.3
        D:8 |     463 |    2530 |  84.5 |      10 |      18 |  64.3
        D:9 |    1156 |     512 |  30.7 |      27 |       3 |  10.0
       D:10 |    3131 |       0 |   0.0 |      13 |       0 |   0.0
       D:11 |    4115 |    1608 |  28.1 |      36 |      10 |  21.7
     Lair:1 |    5231 |    1221 |  18.9 |      24 |       8 |  25.0
     Lair:2 |    4469 |       0 |   0.0 |       8 |       0 |   0.0
     Lair:3 |    2079 |     214 |   9.3 |      13 |       4 |  23.5
   Gauntlet |       0 |    4329 | 100.0 |       0 |       8 | 100.0
            +---------+---------+-------+---------+---------+-------
